 Dungeon Crawl Stone Soup version 0.31.0-12-g77e489cdc1 (webtiles) character file.

Game seed: 7602869568746829333

11515 monsoonserge the Spry (level 11, -4/53 HPs)
             Began as a Felid Shapeshifter on Mar 5, 2024.
             Was a Believer of Wu Jian.
             Slain by a komodo dragon (30 damage)
             ... on level 2 of the Lair of Beasts.
             The game lasted 00:40:58 (10305 turns).

monsoonserge the Spry (Felid Shapeshifter)         Turns: 10305, Time: 00:40:59

Health: -4/53      AC:  2    Str: 28    XL:     11   Next: 50%
Magic:  12/12      EV: 35    Int: 14    God:    Wu Jian [**....]
Gold:   523        SH:  0    Dex: 18    Spells: 10/10 levels left
                                        Lives:  0   Deaths: 4

rFire   + .          .
                       - Unarmed
rCold   + . .        (shield unavailable)
rNeg    . . .        (body armour unavailable)
rPois   .            (helmet unavailable)
rElec   .            (cloak unavailable)
rCorr   .            (gloves unavailable)
SInv    +            (boots unavailable)
Will    +....        (no amulet)
Stlth   ++           l - ring "Cutehosch" {rF+ Str+6 Int+2}
HPRegen 0.28/turn    x - ring of Satisfaction {rC+ Str+8 Int-2 Dex+2}
MPRegen 0.13/turn

%: no passive effects
@: flux-form, glowing, studying Dodging
A: glow, contaminating, very small, claws 1, fangs 3, see invisible, shaggy fur
2, stealthy paws, no weapons or thrown items, no armour, multi-lived
a: Begin Untransformation, Renounce Religion, Wall Jump


You were on level 2 of the Lair of Beasts.
You worshipped Wu Jian.
Wu Jian was pleased with you.
You were something dangerously unstable.
You visited 3 branches of the dungeon, and saw 12 of its levels.
You also visited: Sewer.

You collected 618 gold pieces.
You spent 95 gold pieces at shops.

Inventory:

Jewellery
 g - a ring of wizardry
 l - the ring "Cutehosch" (left paw) {rF+ Str+6 Int+2}
   (You found it on level 2 of the Dungeon)

   [ring of strength]

   Str+6:     It affects your strength (+6).
   Int+2:     It affects your intelligence (+2).
   rF+:       It protects you from fire.
 x - the ring of Satisfaction (right paw) {rC+ Str+8 Int-2 Dex+2}
   (You acquired it on level 4 of the Dungeon)

   [ring of protection from cold]

   Str+8:     It affects your strength (+8).
   Int-2:     It affects your intelligence (-2).
   Dex+2:     It affects your dexterity (+2).
   rC+:       It protects you from cold.
 F - a ring of ice
Talismans
 c - a flux talisman (active)
Wands
 k - a wand of mindburst (7)
 q - a wand of flame (14) (quivered)
 B - a wand of digging (8)
 E - a wand of light (20)
Scrolls
 b - a scroll of enchant weapon {unknown}
 d - 3 scrolls of teleportation
 e - 3 scrolls of fog {unknown}
 f - a scroll of amnesia
 j - a scroll of butterflies {unknown}
 p - 2 scrolls of blinking
 r - a scroll of vulnerability {unknown}
 s - a scroll of torment {unknown}
 w - 2 scrolls of fear
 y - a scroll of acquirement
 z - 2 scrolls of noise {unknown}
 A - a scroll of immolation {unknown}
 C - a scroll of brand weapon {unknown}
 G - a scroll of revelation {unknown}
 I - a scroll of poison {unknown}
Potions
 a - 2 potions of magic
 h - a potion of attraction
 i - 2 potions of haste
 m - 2 potions of curing
 n - 2 potions of brilliance
 o - 2 potions of ambrosia
 t - 2 potions of mutation
 u - 3 potions of cancellation
 v - a potion of invisibility
 D - a potion of enlightenment
 H - 2 potions of berserk rage


   Skills:
 * Level 4.0 Fighting
 * Level 18.2 Dodging
 + Level 5.0 Stealth
 + Level 10.7 Unarmed Combat
 + Level 2.6 Evocations
 + Level 8.7 Shapeshifting


You had 10 spell levels left.
You didn't know any spells.
Your spell library contained the following spells:

 Spells                   Type           Power      Damage    Failure   Level
 Sting                    Conj/Alch      0%         1d3       28%         1
 Mercury Vapours          Alch/Air       0%         N/A       41%         2
 Inner Flame              Hex/Fire       0%         N/A       65%         3
 Flame Wave               Conj/Fire      0%         2d4       96%         4
 Olgreb's Toxic Radiance  Alch           0%         N/A       96%         4
 Sticky Flame             Fire/Alch      0%         2d4       96%         4
 Irradiate                Conj/Alch      0%         3d11      100%        5
 Sculpt Simulacrum        Ice/Alch       0%         N/A       100%        6
 Ozocubu's Refrigeration  Ice            0%         4d7       100%        7
 Ignition                 Fire           0%         3d3       100%        8
 Polar Vortex             Ice            0%         N/A       100%        9


Dungeon Overview and Level Annotations

Branches:
Dungeon (9/15)             Temple (1/1) D:7            Lair (2/5) D:8
  Sewer (visited)
  Swamp: Lair:2-3    Shoals: Lair:2-3     Snake: Lair:2-3    Spider: Lair:2-3
    Orc: D:9-12

Altars:
Ashenzari
Cheibriados
Dithmenos
Elyvilon
Fedhas
Gozag
Hepliaklqana
Kikubaaqudgha
Makhleb
Okawaru
Qazlal
Ru
Sif Muna
Trog
Uskayaw
Vehumet
Wu Jian
Xom
Yredelemnul
Zin
The Shining One

Shops:
D:2 *

Portals:
Abyss: Lair:1

Annotations:
D:4 1 runed translucent door, Crazy Yiuf
D:8 2 runed translucent doors, exclusion: orange crystal statue
Lair:1 2 transporters, 1 runed translucent door, Rupert; Sonja; jasper's ghost, journeyman DEAl


Innate Abilities, Weirdness & Mutations

You are something dangerously unstable.
You glow with magical radiation, making you easy to see and hit.
Foes you strike become dangerously contaminated with magical radiation.
You have sharp claws.
You have razor-sharp teeth.
You have supernaturally acute eyesight. (SInv)
You are covered in thick fur. (AC +2)
Your paws help you pounce on unaware monsters.
You are incapable of wielding weapons or throwing items.
You cannot wear armour.
You gain extra lives every three experience levels.


Message History

The blink frog is almost dead.
The water moccasin closely misses you. The blink frog closely misses you.
The water moccasin completely misses you.
The blink frog completely misses you.
Unknown command.
You spin and attack the blink frog.
You scratch the blink frog but do no damage.
The blink frog shudders as magic cascades through it!!
You kill the blink frog!
The Council accepts your kill.
You spin and attack the komodo dragon.
You scratch the komodo dragon.
The komodo dragon begins to glow.
The komodo dragon is lightly wounded.
The komodo dragon completely misses you.
Unknown command.
You spin and attack the blink frog.
You scratch the blink frog.
The blink frog begins to glow.
The blink frog is lightly wounded.
The blink frog closely misses you. The blink frog hits you!
The water moccasin misses you.
Unknown command.
Unknown command.
You spin and attack the water moccasin.
You barely miss the water moccasin. You bite the water moccasin.
The water moccasin is severely wounded.
You spin and attack the blink frog.
You scratch the blink frog.
The blink frog glows dangerously bright.
The blink frog is lightly wounded.
The blink frog blinks!
The water moccasin completely misses you.
Unknown command.
You spin and attack the water moccasin.
You claw the water moccasin!
You kill the water moccasin!
The Council accepts your kill.
You spin and attack the komodo dragon.
You scratch the komodo dragon.
The komodo dragon glows dangerously bright.
The komodo dragon is moderately wounded.
The komodo dragon bites you!!
Ouch! That really hurt!
You die...

..§..............
#.................
##................
#....F...........
#........>.....##
#...#.........#
#......†....##
#.#..F.......##
#...lp......#
#...........#
#.............
#P..).........#
##............#
#P.............
##.............
#..............
.#.............


You could see a komodo dragon (heavy contam) and 2 blink frogs.

Vanquished Creatures
  2 black mambas (Lair:1)
  A slime creature (D:6)
  3 cane toads
  A kobold demonologist (D:6)
  3 komodo dragons (Lair:1)
  2 rime drakes (Lair:1)
  A polar bear (Lair:1)
  8 blink frogs
  7 yaks
  Eustachio (D:5)
  A human (Lair:1)
  3 water moccasins
  2 ice beasts
  3 orc warriors
  A sky beast (D:7)
  3 black bears
  An ogre (D:6)
  5 wolves (Lair:1)
  A centaur (D:6)
  6 bullfrogs
  8 kobold brigands
  Blork the orc (D:4)
  2 brain worms (Sewer)
  2 gnoll sergeants
  5 scorpions
  7 wights
  3 killer bees (D:7)
  5 howler monkeys
  2 gnoll boudas
  3 bombardier beetles
  6 orc priests
  2 hounds
  9 jellies
  3 iguanas
  3 sleepcaps
  5 orc wizards
  15 gnolls
  7 adders
  4 river rats (Sewer)
  2 white imps
  2 dart slugs
  2 ribbon worms
  46 orcs
  5 bats
  7 endoplasms
  2 giant cockroaches
  4 goblins
  3 hobgoblins
  4 jackals
  23 kobolds
  3 quokkas
  9 ball pythons
  5 frilled lizards (Sewer)
  4 rats
268 creatures vanquished.

Notes
Turn   | Place    | Note
-------+----------+-------------------------------------------
     0 | D:1      | monsoonserge the Felid Shapeshifter began the quest for the
                  | Orb.
     0 | D:1      | Reached XP level 1. HP: 10/10 MP: 2/2
   224 | D:1      | Reached XP level 2. HP: 14/14 MP: 3/3
   648 | D:2      | Found a sacrificial altar of Ru.
  1028 | D:2      | Reached XP level 3. HP: 18/18 MP: 4/4
  1059 | D:2      | Found a faded altar of an unknown god.
  1094 | D:2      | Identified the ring "Cutehosch" {rF+ Str+6 Int+2}
  1275 | D:2      | Became a worshipper of Ru the Awakened
  1393 | D:2      | Found Sunozede's Assorted Antiques.
  1401 | D:2      | Bought a scroll labelled YNNAKK EHIY for 19 gold pieces
  1401 | D:2      | Bought a copper wand for 76 gold pieces
  1497 | D:3      | Reached skill level 3 in Dodging
  1961 | D:3      | Reached XP level 4. HP: 4/22 MP: 5/5
  1961 | D:3      | Gained a life (2 lives remaining)
  1963 | D:3      | HP: 1/22 [orc/+0 short sword (3)]
  2171 | D:4      | Noticed Blork the orc
  2171 | D:4      | Noticed a scorpion
  2216 | D:4      | Reached skill level 5 in Unarmed Combat
  2221 | D:4      | Reached XP level 5. HP: 12/25 MP: 6/6
  2246 | D:4      | Found a glowing drain.
  2314 | D:4      | Reached skill level 1 in Stealth
  2358 | Sewer    | Entered a sewer
  2525 | Sewer    | Gained mutation: You are covered in thick fur. (AC +2)
                  | [Felid growth]
  2525 | Sewer    | Reached XP level 6. HP: 30/30 MP: 7/7
  2803 | D:4      | Identified 2 scrolls of acquirement
  2803 | D:4      | Acquired the ring of Satisfaction {rC+ Str+8 Int-2 Dex+2}
  2804 | D:4      | Mangled by a gnoll sergeant
  2804 | D:4      | Lost a life (1 life remaining)
  2811 | D:4      | Acquired a manual of Dodging
  2839 | D:4      | Slain by a jackal
  2839 | D:4      | Lost a life (0 lives remaining)
  2853 | D:5      | Entered Level 5 of the Dungeon
  2981 | D:5      | Reached skill level 4 in Dodging
  2986 | D:5      | Reached skill level 1 in Evocations
  2986 | D:5      | Reached XP level 7. HP: 33/33 MP: 8/8
  2986 | D:5      | Gained a life (1 life remaining)
  3273 | D:3      | Found an opulent altar of Gozag.
  3510 | D:5      | Reached skill level 5 in Dodging
  3545 | D:5      | Reached skill level 6 in Dodging
  3673 | D:5      | Reached skill level 7 in Dodging
  4124 | D:6      | Reached skill level 8 in Dodging
  4247 | D:5      | Reached XP level 8. HP: 38/39 MP: 9/9
  4297 | D:5      | Reached skill level 9 in Dodging
  4342 | D:4      | Noticed Eustachio
  4407 | D:5      | Killed Eustachio
  4408 | D:5      | Reached skill level 10 in Dodging
  4547 | D:4      | Found a runed translucent door.
  4548 | D:4      | Noticed Crazy Yiuf
  4640 | D:4      | Killed Blork the orc
  4866 | D:6      | Reached skill level 11 in Dodging
  4866 | D:6      | Reached skill level 5 in Shapeshifting
  5213 | D:6      | Reached skill level 12 in Dodging
  5399 | D:6      | Reached XP level 9. HP: 19/43 MP: 10/10
  5644 | D:6      | Found an ornate altar of the Wu Jian Council.
  5644 | D:6      | Found a broken altar of Ashenzari.
  5644 | D:6      | Found a snail-covered altar of Cheibriados.
  5644 | D:6      | Found a basalt altar of Yredelemnul.
  5644 | D:6      | Found a bloodstained altar of Trog.
  5644 | D:6      | Found a hide-covered altar of Uskayaw.
  5902 | D:6      | Noticed a kobold demonologist
  5973 | D:7      | Found a staircase to the Ecumenical Temple.
  6001 | Temple   | Entered the Ecumenical Temple
  6014 | Temple   | Fell from the grace of Ru
  6014 | Temple   | Became a worshipper of the Wu Jian Council
  6345 | D:7      | Reached skill level 13 in Dodging
  6555 | D:7      | Found a white marble altar of Elyvilon.
  6569 | D:7      | Found a sacrificial altar of Ru.
  6640 | D:7      | Found a burning altar of Makhleb.
  6731 | D:7      | Reached skill level 5 in Stealth
  6836 | D:6      | Found the +7 Throatcutter {drain, coup de grace}
  6845 | D:6      | Killed a kobold demonologist
  6846 | D:6      | Reached skill level 14 in Dodging
  7147 | D:6      | Killed a large slime creature
  7148 | D:6      | Reached XP level 10. HP: 10/49 MP: 11/11
  7148 | D:6      | Gained a life (2 lives remaining)
  7388 | D:8      | Found a staircase to the Lair.
  7388 | D:8      | Found the +10 tower shield of Ignorance {rN+ Int-4}
  7395 | D:8      | Found a runed translucent door.
  7395 | D:8      | Noticed an orange crystal statue
  7425 | D:8      | Reached * piety under Wu Jian
  7433 | D:8      | Found a runed translucent door.
  7510 | D:8      | HP: 1/49 [orc priest/divine providence (15)]
  7511 | D:8      | Reached skill level 15 in Dodging
  7519 | D:8      | Killed from afar by an orc priest
  7519 | D:8      | Lost a life (1 life remaining)
  7988 | D:8      | Found an ancient bone altar of Kikubaaqudgha.
  8602 | D:9      | Noticed a two-headed ogre
  8710 | Lair:1   | Entered Level 1 of the Lair of Beasts
  8711 | Lair:1   | Noticed a cane toad
  8719 | Lair:1   | Killed a cane toad
  8719 | Lair:1   | Reached ** piety under Wu Jian
  8720 | Lair:1   | Reached skill level 16 in Dodging
  8939 | Lair:1   | Found a transporter.
  8941 | Lair:1   | Noticed a thrashing horror
  8997 | Lair:1   | Noticed a black mamba
  9006 | Lair:1   | Killed a black mamba
  9142 | Lair:1   | Noticed a cyan ugly thing
  9144 | Lair:1   | Noticed a white ugly thing
  9145 | Lair:1   | Noticed a large abomination
  9147 | Lair:1   | Noticed jasper's ghost (journeyman DEAl)
  9332 | Lair:1   | Reached skill level 17 in Dodging
  9372 | Lair:1   | Reached skill level 10 in Unarmed Combat
  9372 | Lair:1   | Reached XP level 11. HP: 20/52 MP: 12/12
  9490 | Lair:1   | Found a runed translucent door.
  9495 | Lair:1   | Noticed Rupert
  9495 | Lair:1   | Noticed Sonja
  9575 | Lair:1   | Found a one-way gate to the infinite horrors of the Abyss.
  9748 | Lair:1   | Found a transporter.
 10001 | Lair:1   | Killed from afar by a rime drake
 10001 | Lair:1   | Lost a life (0 lives remaining)
 10297 | Lair:2   | Reached skill level 18 in Dodging
 10305 | Lair:2   | Slain by a komodo dragon

Illustrated notes

Levels and vault maps discovered:
D:1:      denvon_arrival_planthouse, layout_basic
D:2:      layout_basic, serial_shops, nicolae_shop_peninsula, basic_altar,
          hellmonk_ecumenical_altar_defaced_shrine
D:3:      layout_basic, lemuel_coloured_pillars_altar
D:4:      layout_gridville, cheibrodos_sewer_entry_drain, uniq_blork_the_orc,
          uniq_crazy_yiuf_cottage, uniq_eustachio
D:5:      layout_basic
D:6:      cheibrodos_fertilizer, layout_loops_corners,
          dilly_guarded_unrand_throatcut
D:7:      layout_gridville, jmf_multi_god_temple2,
          mainiacjoe_overflow_surrounded_room, temple_pool_b
D:8:      layout_loops_cross, kiku_gazebo_garden_becter, lair_entry_dummy,
          chequers_guarded_unrand_ignorance
D:9:      layout_roguey
Temple:   eino_temple_scatter_basement
Lair:1:   layout_chaotic_city, gammafunk_ghost_abyssal_escape,
          pdpol_lair_cabin_in_the_woods, uniq_sonja
Lair:2:   layout_hall_layers

Skill      XL: |  1  2  3  4  5  6  7  8  9 10 11 |
---------------+----------------------------------+-----
Shapeshifting  | 3 4 5 7 8 |  8.7
Unarmed Combat | 4 5 6 7 8 10 | 10.7
Dodging        | 3 4 8 12 14 17 18 | 18.2
Stealth        | 1 2 3 5 |  5.0
Evocations     | 1 2 |  2.6
Fighting       | 2 3 4 |  4.0

Action                     |  1- 3 |  4- 6 |  7- 9 | 10-12 || total
---------------------------+-------+-------+-------+-------++-------
  Melee: Unarmed           |    81 |   128 |   329 |   356 ||   894
         Bite              |     6 |     4 |    47 |    50 ||   107
         Punch             |     5 |       |     7 |       ||    12
 Invoke: Reject Sacrifices |       |     1 |     1 |       ||     2
Ability: Lunge             |       |       |     8 |    30 ||    38
         Whirlwind         |       |       |       |    91 ||    91
  Evoke: Wand              |       |     6 |     6 |    16 ||    28
    Use: Potion            |     1 |     1 |     3 |     2 ||     7
         Scroll            |       |     5 |     8 |     2 ||    15
   Stab: Sleeping          |     1 |     1 |     6 |       ||     8
 Armour: Skin              |    37 |    54 |    61 |    50 ||   202
  Dodge: Dodged            |    83 |    88 |   276 |   257 ||   704
   Form: Flux              |       |       |     1 |       ||     1
